 Dungeon Sprint DCSS version 0.22.1-1-ga44c0e56f4 (webtiles) character file.

8 KleinerIrrer the Lightning Rod (level 2, -2/26 HPs)
             Began as a Draconian Monk on Nov 2, 2018.
             Was a Follower of Qazlal.
             Slain by a draconian
             ... wielding a +0 mace
              (6 damage)
             ... in the Dungeon (Sprint V: "Ziggurat Sprint").
             The game lasted 00:01:42 (130 turns).

KleinerIrrer the Lightning Rod (Draconian Monk)      Turns: 130, Time: 00:01:42

Health: -2/26      AC:  4    Str: 13    XL:     2   Next: 0%
Magic:  5/7        EV:  6    Int: 10    God:    Qazlal [*.....]
Gold:   0          SH: 28    Dex: 25    Spells: 1/1 levels left

rFire    . . .     SeeInvis .   D - +7 Screaming Sword
rCold    . . .     Gourm    .   F - +18 shield of the Gong {rElec rN+ MR+ EV-5}
rNeg     + . .     Faith    .   (armour unavailable)
rPois    .         Spirit   .   (helmet restricted)
rElec    +         Reflect  .   (no cloak)
rCorr    .         Harm     .   (no gloves)
MR       +....     NoTele   +   (no boots)
Stlth    ++........             (no amulet)
HPRegen  0.08/turn              y - +6 ring of dexterity
MPRegen  0.10/turn              x - +6 ring of dexterity

@: no status effects
A: unfitting armour, cold-blooded, AC +4
a: Renounce Religion


You were in the Dungeon.
You worshipped Qazlal.
Qazlal was aware of your devotion.
You were not hungry.

You visited 1 branch

Inventory:

Hand Weapons
 a - a +0 spear
 D - the +7 Screaming Sword (weapon)
   (You found it in the Dungeon)
 E - the +8 lance "Wyrmbane" {slay drac, rPois rF+ rC+ AC+3}
   (You found it in the Dungeon)

   It affects your AC (+3).
   It protects you from fire.
   It protects you from cold.
   It protects you from poison.
Armour
 F - the +18 shield of the Gong (worn) {rElec rN+ MR+ EV-5}
   (You found it in the Dungeon)

   It affects your evasion (-5).
   It insulates you from electricity.
   It protects you from negative energy.
   It affects your resistance to hostile enchantments.
Jewellery
 x - a +6 ring of dexterity (right hand)
 y - a +6 ring of dexterity (left hand)
 z - a +6 ring of intelligence
 A - a +6 ring of intelligence
 B - a +6 ring of strength
 C - a +6 ring of strength
Wands
 u - a wand of disintegration (7)
 v - a wand of iceblast (7)
 w - a wand of acid (7)
Scrolls
 h - 4 scrolls of blinking
 o - 4 scrolls of amnesia
 p - 7 scrolls of fog
 q - a scroll of holy word
 r - 5 scrolls of identify
 s - 5 scrolls of remove curse
 t - 2 scrolls of fear
Potions
 c - 10 potions of curing
 d - 10 potions of heal wounds
 e - 6 potions of haste
 f - 7 potions of magic
 g - 3 potions of berserk rage
 i - 2 potions of brilliance
 j - 2 potions of invisibility
 k - 4 potions of resistance
 m - 5 potions of agility
 n - 5 potions of might
Comestibles
 b - 7 rations


   Skills:
 - Level 3.2 Fighting
 - Level 3.0 Polearms
 - Level 2.6 Dodging
 - Level 1.7 Stealth
 + Level 8.0 Invocations


You had one spell level left.
You didn't know any spells.
Your spell library was empty.

Dungeon Overview and Level Annotations

Branches:
Dungeon (1/1)

Altars:
Ashenzari
Cheibriados
Dithmenos
Elyvilon
Fedhas
Gozag
Hepliaklqana
Kikubaaqudgha
Makhleb
Nemelex Xobeh
Okawaru
Qazlal
Ru
Sif Muna
Trog
Uskayaw
Vehumet
Wu Jian
Xom
Yredelemnul
Zin
The Shining One
Beogh
Jiyva
Lugonu

Annotations:
D 1 transporter


Innate Abilities, Weirdness & Mutations

Your plain brown scales are hard. (AC +4)
You cannot fit into any form of body armour.
You are cold-blooded and may be slowed by cold attacks.


Message History

The draconian is moderately wounded.
The Screaming Sword makes a twanging sound.
The draconians are hurt by the noise.
You block the draconian's attack.
GONNNNG!
The draconian hits you but does no damage.
Unknown command.
You slash the draconian!
The draconian is heavily wounded.
The Screaming Sword cautions, "Never send a Draconian to do a blade's job!"
The draconians are hurt by the noise.
You block the draconian's attack.
GONNNNG!
The draconian hits you with a mace!
* * * LOW HITPOINT WARNING * * *
You block the draconian's attack.
GONNNNG!
You hit the draconian.
The draconian is heavily wounded.
The Screaming Sword laughs in a fit of madness.
The draconians are hurt by the noise.
The draconian hits you with a mace.
You die...

▓▓▓▓▓▓▓
▓.8©8.▓
▓.....▓
▓.=.|.▓
▓.....▓
▓.d§d.▓
▓..@..▓
▓▓▓▓▓▓▓


You could see 2 draconians.

Vanquished Creatures (others)
  A spatial maelstrom (D)
1 creature vanquished.

Notes
Turn   | Place    | Note
-------+----------+-------------------------------------------
     0 | D        | Found the +6 Majin-Bo {vamp, Archmagi MP+6 Int+6}
     0 | D        | Found the +7 great mace "Firestarter" {inner flame, rF++}
     0 | D        | KleinerIrrer the Draconian Monk began the quest for the
                  | Orb.
     0 | D        | Reached XP level 1. HP: 19/19 MP: 1/1
     0 | D        | Found a deep blue altar of Sif Muna.
     0 | D        | Found a sacrificial altar of Ru.
     0 | D        | Found a bloodstained altar of Trog.
     0 | D        | Found a stormy altar of Qazlal.
     0 | D        | Found an iron altar of Okawaru.
     0 | D        | Found a sparkling altar of Nemelex Xobeh.
     0 | D        | Found a blossoming altar of Fedhas.
     2 | D        | Found a transporter.
     2 | D        | Found an ancient bone altar of Kikubaaqudgha.
     2 | D        | Found a viscous altar of Jiyva.
     2 | D        | Found a corrupted altar of Lugonu.
     2 | D        | Found a hazy altar of Hepliaklqana.
     2 | D        | Found a burning altar of Makhleb.
     2 | D        | Found an opulent altar of Gozag.
    19 | D        | Found the +6 shillelagh "Devastator" {shatter}
    19 | D        | Found the +11 plutonium sword {*Contam Stlth-}
    19 | D        | Found the +8 lance "Wyrmbane" {slay drac, rPois rF+ rC+
                  | AC+3}
    19 | D        | Found the +9 sword of Zonguldrok {reap}
    19 | D        | Found the cursed +13 scythe of Curses {drain, *Curse}
    19 | D        | Found the +0 sword of Power
    19 | D        | Found the +7 mace of Variability {chain chaos}
    19 | D        | Found the +7 Singing Sword
    19 | D        | Found the +7 longbow "Piercer" {penet, EV-2}
    21 | D        | Found the +9 heavy crossbow "Sniper" {velocity, Acc+∞ SInv}
    21 | D        | Found the +10 dark maul {crush}
    21 | D        | Found the +15 Maxwell's patent armour {-Cast -Tele rElec
                  | MR+ rCorr}
    21 | D        | Found the +18 shield of the Gong {rElec rN+ MR+ EV-5}
    21 | D        | Found the cursed +14 obsidian axe {chop, +Fly SInv *Curse}
    40 | D        | Banished a spatial maelstrom
    41 | D        | Became a worshipper of Qazlal Stormbringer
    41 | D        | Reached * piety under Qazlal
    41 | D        | Reached ** piety under Qazlal
    48 | D        | Reached skill level 8 in Invocations
    48 | D        | Reached XP level 2. HP: 26/26 MP: 1/7
   109 | D        | Entered arena 2.
   109 | D        | Noticed a draconian
   109 | D        | Noticed a draconian
   109 | D        | Found a transporter.
   130 | D        | Slain by a draconian

Skill      XL: |  1 |
---------------+----+-----
Invocations    | 8 |  8.0
Fighting       | |  3.2
Polearms       | |  3.0
Dodging        | |  2.6
Stealth        | |  1.7

Action                   || total
-------------------------++-------
Melee: Spear             ||    16
       Tailslap          ||     4
       Double sword      ||     3
Invok: Upheaval          ||     1
  Use: Potion            ||     1
Armor: Skin              ||     2
Dodge: Dodged            ||     2
Block: Shield            ||    29
